 Dungeon Crawl Stone Soup version 0.28.0-49-g6dfe1f597d (webtiles) character file.

Game seed: 14715842348955607042

2698 Zeld the Fighter (level 9, 0/77 (79) HPs)
             Began as a Palentonga Fighter on May 19, 2022.
             Was a Follower of Okawaru.
             Succumbed to a killer bee's poison
             ... on level 8 of the Dungeon.
             The game lasted 00:11:14 (11065 turns).

Zeld the Fighter (Palentonga Fighter)              Turns: 11065, Time: 00:11:15

HP:   0/77 (79)     AC: 10    Str: 24    XL:     9   Next: 38%
MP:   9/9           EV:  5    Int:  9    God:    Okawaru [*.....]
Gold: 184           SH:  9    Dex:  9    Spells: 8/8 levels left

rFire   . . .      SeeInvis +   a - +0 long sword (flame)
rCold   . . .      Faith    .   c - +0 buckler
rNeg    . . .      Spirit   .   q - +0 plate armour
rPois   .          Reflect  +   (no helmet)
rElec   .          Harm     .   u - +0 cloak {rCorr}
rCorr   +          Rampage  .   (no gloves)
Will    .....                   (no barding)
Stlth   ..........              v - amulet of reflection
HPRegen 0.22/turn               (no ring)
MPRegen 0.11/turn               (no ring)

@: lethally poisoned (0 -> -9), lightly drained
A: large, rugged brown scales 3, see invisible, deformed body, roll 1, armoured
tail, reflexive curl
a: Rolling Charge, Renounce Religion, Heroism


You were on level 8 of the Dungeon.
You worshipped Okawaru.
Okawaru was aware of your devotion.
You visited 2 branches of the dungeon, and saw 9 of its levels.

You collected 436 gold pieces.
You spent 252 gold pieces at shops.

Inventory:

Hand Weapons
 a - a +0 long sword of flaming (weapon)
Armour
 c - a +0 buckler (worn)
 q - a +0 plate armour (worn)
 u - a +0 cloak of preservation (worn)
Jewellery
 v - an amulet of reflection (around neck)
 w - a +6 ring of dexterity
Wands
 y - a wand of acid (11)
Scrolls
 g - 3 scrolls of teleportation
 h - 2 scrolls of holy word
 j - 2 scrolls of fear
 l - a scroll of magic mapping {unknown}
 m - a scroll of immolation {unknown}
 o - 3 scrolls of noise {unknown}
 p - 4 scrolls of amnesia {unknown}
 B - a scroll of blinking {unknown}
Potions
 b - a potion of haste {unknown}
 d - a potion of might
 e - a potion of cancellation {unknown}
 f - a potion of magic {unknown}
 n - 3 potions of brilliance {unknown}
 r - 2 potions of flight
 t - 2 potions of degeneration {unknown}
 x - 2 potions of ambrosia {unknown}
 z - a potion of attraction {unknown}
 A - a potion of mutation {unknown}


   Skills:
 * Level 8.0 Fighting
 * Level 7.6 Long Blades
 - Level 2.4 Armour
 + Level 4.1 Dodging
 + Level 5.0 Shields
 + Level 1.2 Invocations


You had 8 spell levels left.
You didn't know any spells.
Your spell library was empty.

Dungeon Overview and Level Annotations

Branches:
Dungeon (8/15)             Temple (1/1) D:7
   Lair: D:8-11

Altars:
Ashenzari
Cheibriados
Dithmenos
Elyvilon
Fedhas
Gozag
Hepliaklqana
Kikubaaqudgha
Makhleb
Nemelex Xobeh
Okawaru
Qazlal
Ru
Trog
Uskayaw
Vehumet
Wu Jian
Xom
Yredelemnul
Zin
The Shining One

Shops:
D:1 [   D:2 [

Annotations:
D:3 2 runed translucent doors, pkoi's ghost, amateur DgAE
D:4 Pikel


Innate Abilities, Weirdness & Mutations

You are completely covered in rugged brown scales. (AC +3, +7% HP)
You have supernaturally acute eyesight. (SInv)
Armour fits poorly on your strangely shaped body.
You can roll at nearby foes to attack.
You have a long armoured tail.
You curl defensively after being hit. (AC +7*)


Message History

You block the killer bee's attack. The killer bee stings you.
* * * LOW HITPOINT WARNING * * *
You block the killer bee's attack. x2
You closely miss the killer bee.
Your tail-slap misses the killer bee.
You feel sick.
The killer bee stings you but does no damage.
You block the killer bee's attack. x2; The killer bee stings you.
* * * LOW HITPOINT WARNING * * *
You miss the killer bee.
You feel sick. The killer bee stings you.
* * * LOW HITPOINT WARNING * * *
The killer bee barely misses you. You block the killer bee's attack.
The killer bee barely misses you.
You miss the killer bee.
You feel sick. The killer bee barely misses you.
You block the killer bee's attack.
The killer bee stings you but does no damage.
The killer bee stings you.
* * * LOW HITPOINT WARNING * * *
Unknown command.
You hit the killer bee. You burn the killer bee.
The killer bee is moderately wounded.
You feel sick. The killer bee barely misses you. The killer bee stings you.
* * * LOW HITPOINT WARNING * * *
You block the killer bee's attack. The killer bee barely misses you.
You hit the killer bee. You burn the killer bee.
The killer bee is severely wounded.
You feel sick.
The killer bee stings you but does no damage. x4
You miss the killer bee.
The killer bee is severely wounded.
You feel sick.
You are no longer poisoned.
The killer bee stings you.
* * * LOW HITPOINT WARNING * * *
You are lethally poisoned!
The killer bee poisons you! You block the killer bee's attack.
The killer bee barely misses you.
The killer bee stings you but does no damage.
You miss the killer bee.
The killer bee is severely wounded.
You die...

###...............
#...y...######..
##.....## ##yK.## #yK##
#..# #Ky######
.###############yK.......
.........<...y@yy########
################.# #.#
#.# #.# .># #.. ###


You could see 5 killer bees and a kobold.

Vanquished Creatures
  A hydra (D:7)
  An ice beast (D:6)
  An orc warrior (D:7)
  A black bear (D:6)
  2 necrophages (D:4)
  A centaur (D:5)
  2 ogres
  4 scorpions
  A bullfrog (D:8)
  A gnoll sergeant (D:7)
  2 killer bees
  5 wights (D:7)
  A centaur zombie (D:7)
  A hound (D:6)
  2 jellies (D:6)
  2 orc priests (D:7)
  2 centaur skeletons
  5 iguanas
  A scorpion zombie (D:5)
  4 orc wizards
  4 hound skeletons
  3 gnolls
  8 adders
  2 howler monkey skeletons
  2 white imps (D:6)
  An ufetubus (D:4)
  An adder skeleton (D:4)
  2 worms
  14 orcs
  8 ball pythons
  6 endoplasms
  4 giant cockroaches
  5 goblins
  5 hobgoblins
  6 jackals (D:2)
  7 kobolds
  8 quokkas
  5 bats
  3 frilled lizards
  2 rats (D:2)
136 creatures vanquished.

Notes
Turn   | Place    | Note
-------+----------+-------------------------------------------
     0 | D:1      | Zeld the Palentonga Fighter began the quest for the Orb.
     0 | D:1      | Reached XP level 1. HP: 19/19 MP: 1/1
     3 | D:1      | Found a faded altar of an unknown god.
   225 | D:1      | Reached XP level 2. HP: 9/25 MP: 2/2
   483 | D:1      | Found Gymal's Antique Armour Shop.
  1313 | D:2      | Reached XP level 3. HP: 30/30 MP: 3/3
  1367 | D:2      | Found a stormy altar of Qazlal.
  1667 | D:2      | Found Ynawoora's Antique Armour Shoppe.
  2202 | D:3      | You fall into a shaft and drop 1 floor!
  2210 | D:4      | Noticed a necrophage
  2415 | D:3      | Found a large runed translucent door.
  2416 | D:3      | Found a large runed translucent door.
  2419 | D:3      | Noticed pkoi's ghost (amateur DgAE)
  2423 | D:3      | Reached skill level 1 in Dodging
  2758 | D:4      | Killed a necrophage
  2759 | D:4      | Reached skill level 4 in Fighting
  2759 | D:4      | Reached XP level 4. HP: 29/39 MP: 4/4
  2759 | D:4      | Reached XP level 5. HP: 33/44 MP: 5/5
  2853 | D:4      | Noticed an ogre
  2958 | D:4      | Noticed a necrophage
  2965 | D:4      | Killed a necrophage
  3026 | D:4      | Reached XP level 6. HP: 24/52 MP: 6/6
  3630 | D:4      | Reached skill level 5 in Fighting
  3788 | D:4      | Noticed Pikel
  4088 | D:4      | Noticed an orc warrior
  4161 | D:5      | Entered Level 5 of the Dungeon
  4273 | D:5      | Gained mutation: You curl defensively after being hit. (AC
                  | +7*) [Palentonga growth]
  4273 | D:5      | Reached XP level 7. HP: 50/59 MP: 7/7
  4395 | D:5      | Reached skill level 5 in Long Blades
  5307 | D:2      | Bought a crude ring mail for 252 gold pieces
  5307 | D:2      | Identified the +1 ring mail of the True Pharaoh {rF+} (You
                  | bought it in a shop on level 2 of the Dungeon)
  6415 | D:6      | Reached skill level 6 in Fighting
  6585 | D:6      | Reached XP level 8. HP: 66/68 MP: 8/8
  8322 | D:7      | Found a sparkling altar of Nemelex Xobeh.
  8783 | D:7      | Reached skill level 7 in Fighting
  9123 | D:7      | Found a staircase to the Ecumenical Temple.
  9132 | D:7      | Noticed a five-headed hydra
  9142 | Temple   | Entered the Ecumenical Temple
  9286 | Temple   | Became a worshipper of Warmaster Okawaru
  9866 | D:7      | Killed a one-headed hydra
  9866 | D:7      | Reached * piety under Okawaru
  9867 | D:7      | Reached XP level 9. HP: 50/78 MP: 9/9
 10910 | D:7      | Reached skill level 1 in Invocations
 10928 | D:8      | Reached skill level 8 in Fighting
 10928 | D:8      | Reached skill level 5 in Shields
 11064 | D:8      | HP: 2/77 [killer bee (3)]
 11065 | D:8      | Succumbed to a killer bee's poison

Illustrated notes

Levels and vault maps discovered:
D:1:      lightli_arrival_maybe_door_vault, layout_rooms, serial_shops, shop,
          basic_ecumenical_altar, minmay_bisected
D:2:      layout_basic, serial_shops, nicolae_shop_trees, basic_altar
D:3:      layout_loops_ring, ebering_ghost_disaster_area, minivault_14
D:4:      minmay_razor_zed, layout_basic, uniq_pikel
D:5:      layout_basic
D:6:      black_bear_nest_2, layout_basic
D:7:      layout_loops_cross, mainiacjoe_overflow_alcove_1,
          minmay_temple_entry_wispy
D:8:      layout_loops_ring, marbit_many_paths, uniq_grum
Temple:   mainiacjoe_temple_cubbyholes

Skill      XL: |  1  2  3  4  5  6  7  8  9 |
---------------+----------------------------+-----
Dodging        | 1 2 3 4 |  4.1
Fighting       | 4 5 6 7 8 |  8.0
Long Blades    | 3 4 5 7 |  7.6
Shields        | 3 4 5 |  5.0
Invocations    | 1 |  1.2
Armour         | |  2.4

Action                   |  1- 3 |  4- 6 |  7- 9 || total
-------------------------+-------+-------+-------++-------
Melee: Long sword        |   144 |    60 |   310 ||   514
       Tailslap          |    12 |    12 |    39 ||    63
 Abil: Rolling Charge    |    15 |    12 |    33 ||    60
  Use: Scroll            |       |       |     6 ||     6
       Potion            |       |       |     6 ||     6
Armor: Scale mail        |    91 |    11 |       ||   102
       Plate armour      |       |    24 |   158 ||   182
Dodge: Dodged            |    65 |    14 |    56 ||   135
Block: Buckler           |    41 |     7 |   169 ||   217
       Reflection        |       |       |     4 ||     4
